 Dungeon Crawl Stone Soup version 0.16.1-51-g6203257 (webtiles) character file.

113 JohnySteed the Skirmisher (level 4, 0/36 HPs)
             Began as a Demonspawn Abyssal Knight on July 23, 2015.
             Was a Believer of Lugonu.
             Slain by a gnoll
             ... wielding a +1 spear of piercing
              (3 damage)
             ... on level 2 of the Dungeon.
             The game lasted 00:10:12 (3060 turns).

JohnySteed the Skirmisher (DsAK)                    Turns: 3060, Time: 00:10:12

Health: 0/36       AC:  7    Str: 13    XL:     4   Next: 65%
Magic:  0/5        EV: 12    Int: 13    God:    Lugonu [**....]
Gold:   146        SH:  0    Dex: 13    Spells: 0 memorised, 3 levels left

rFire  . . .     SeeInvis .     a - +1 hand axe
rCold  . . .     Clarity  .     b - +0 leather armour
rNeg   . . .     SustAb   .     (no shield)
rPois  .         Gourm    .     (no helmet)
rElec  .         Spirit   +     i - +0 cloak
rCorr  .         Warding  .     e - +0 pair of gloves
rMut   .         Stasis   .     (no boots)
MR     .....                    (no amulet)
Stlth  ++........               (no ring)
                                n - ring of stealth

@: not resistant to hostile enchantments, unstealthy
A: thin metallic scales 1, magic shield
a: Depart the Abyss, Bend Space, Renounce Religion


You were on level 2 of the Dungeon.
You worshipped Lugonu.
Lugonu was pleased with you.
You were very hungry.

You visited 1 branch of the dungeon, and saw 3 of its levels.
You visited the Abyss 1 time.

You collected 146 gold pieces.

Inventory:

Hand weapons
 a - a +1 hand axe (weapon)
Armour
 b - a +0 leather armour (worn)
 e - a +0 pair of gloves (worn)
 i - a +0 cloak (worn)
Jewellery
 n - a ring of stealth (left hand)
Scrolls
 d - 2 scrolls of identify
 o - a scroll of magic mapping
Potions
 h - 2 potions of brilliance
 j - 3 potions of curing
 m - 3 potions of heal wounds
Comestibles
 c - 3 bread rations
 f - a beef jerky
 g - 5 fruits
 p - 2 meat rations


   Skills:
 + Level 3.6 Fighting
 + Level 2.5 Axes
 + Level 2.5 Armour
 + Level 2.1 Dodging
 + Level 0.6 Stealth
 + Level 2.6 Invocations


You had 3 spell levels left.
You didn't know any spells.

Dungeon Overview and Level Annotations

Branches:
Dungeon (3/15)

Altars:
Sif Muna


Innate Abilities, Weirdness & Mutations

You are partially covered in thin metallic scales (AC +2).
When hurt, damage is shared between your health and your magic reserves.


Message History

You closely miss the gnoll. The gnoll hits you but does no damage.
You closely miss the gnoll. The gnoll barely misses you.
You hit the gnoll.
The gnoll is moderately wounded.
The gnoll misses you. The gnoll hits you but does no damage.
You hit the gnoll.
The gnoll is moderately wounded.
The gnoll hits you with a spear of piercing!
* * * LOW HITPOINT WARNING * * *
x2 You hit the gnoll.
The gnoll is heavily wounded.
The gnoll misses you.
You hit the gnoll.
The gnoll is severely wounded.
The gnoll barely misses you. The gnoll misses you.
There is a stone staircase leading up here.
The gnoll hits you with a spear of piercing!
* * * LOW HITPOINT WARNING * * *
You die...

#...##>..#########.# #......
..)...............)### ######.
.#...#...#####.......# #.
.........#####.#####.# ###.
......>..g.....#####.#########...
.....##..#####.##..............#.
....###..# #.##.##.#######.#.#.
.#..# #..#####.##.##.# ##.###..
.#..# #........g@....# #.## ##.
##..###.######K##.#### ##.###.#
##.............##.# ##.#.##
.........#####.##.# ##.##
########.# #K##.# #.# #.# #.##.#
#.# #.# #.##.# #.# #.#####.##.#
#.# ## #.......##.## #.#


You could see a big kobold and a gnoll.

Vanquished Creatures
  4 adders
  A gnoll (D:3)
  2 worms (D:2)
  A giant gecko (D:3)
  An ooze (D:1)
  An orc (D:3)
  6 bats
  3 giant cockroaches
  12 hobgoblins
  2 jackals (D:1)
  2 ball pythons
  3 giant newts
  9 goblins
  4 kobolds
  6 rats
57 creatures vanquished.

Notes
Turn   | Place    | Note
--------------------------------------------------------------
     0 | Abyss:1  | JohnySteed, the Demonspawn Abyssal Knight, began the quest for the Orb.
     0 | Abyss:1  | Reached XP level 1. HP: 18/18 MP: 1/1
    15 | D:1      | Escaped the Abyss
   496 | D:1      | Gained mutation: You are partially covered in thin metallic scales (AC +2). [demonic ancestry]
   496 | D:1      | Reached XP level 2. HP: 22/24 MP: 2/2
   567 | D:1      | Reached skill level 1 in Dodging
  1099 | D:2      | Acquired Lugonu's second power
  1186 | D:2      | Reached XP level 3. HP: 22/29 MP: 4/4
  1964 | D:2      | Gained mutation: When hurt, damage is shared between your health and your magic reserves. [demonic ancestry]
  1964 | D:2      | Reached XP level 4. HP: 27/35 MP: 5/5
  2195 | D:3      | Found a deep blue altar of Sif Muna.
  2641 | D:3      | Noticed a big kobold
  2641 | D:3      | Noticed a big kobold
  2641 | D:3      | Noticed a big kobold
  2680 | D:3      | HP: 1/36 [big kobold/short sword of holy wrath (3)]
  3060 | D:2      | Slain by a gnoll

Action                   |  1- 3 |  4- 6 || total
-------------------------+-------+-------++-------
Melee: Hand axe          |   130 |    71 ||   201
  Use: Potion            |       |     6 ||     6
       Scroll            |       |     1 ||     1
  Eat: Chunk             |     3 |     3 ||     6
